AoeStats
← tmoneymcgetbunz

Arena

507767755Analyzed
1v1 RM · 14d ago on Sep 19, 2026· 41m 35s· 2 players
Game mode
Random Map
Map size
Tiny (2 player)
Population
200
Speed
Normal
Resources
Standard
Victory
Conquest
Starting age
Dark Age
Ending age
Imperial Age
RankedLock teamsTeams togetherTeam positionsShared explorationLock speedFull tech treeHidden civsTurbo modeCheats
Victory
Defeat
🇬🇧 Hindustanis · United Kingdom
1139
+15
🇺🇸 Teutons · United States
1119
-15
tmoneymcgetbunz
11:00 Feudal Age
14:38 Castle Age
12:38 Double-Bit Axe
12:37 Horse Collar
16:09 Wheelbarrow
16:33 Bow Saw
20:20 Gold Mining
22:25 Heavy Plow
23:01 Stone Mining
27:55 Imperial Age
25:12 Loom
27:15 Scale Mail Armor
27:26 Forging
26:58 Pikeman
27:38 Squires
28:56 Ballistics
28:28 Fletching
29:02 Chain Mail Armor
29:22 Iron Casting
29:25 Crenellations
29:26 Ironclad
29:27 Conscription
29:30 Ironclad
28:53 Capped Ram
29:11 Halberdier
30:09 Bodkin Arrow
31:37 Chemistry
32:20 Plate Mail Armor
32:50 Blast Furnace
33:20 Hand Cart
35:16 Padded Archer Armor
37:10 Leather Archer Armor
36:33 Heavy Scorpion
42:04 Stone Shaft Mining
42:15 Fortified Wall
42:16 Masonry
Muffin
11:10 Feudal Age
12:12 Double-Bit Axe
14:58 Castle Age
18:57 Bow Saw
22:40 Gold Mining
24:54 Wheelbarrow
24:03 Horse Collar
24:42 Loom
26:12 Hand Cart
26:47 Gold Shaft Mining
26:15 Heavy Plow
31:10 Imperial Age
29:06 Ballistics
30:33 Town Watch
31:00 Padded Archer Armor
31:06 Scale Barding Armor
32:59 Chemistry
32:05 Siege Engineers
32:10 Masonry
32:19 Leather Archer Armor
31:31 Siege Elephant
32:58 Conscription
32:40 Shatagni
33:06 Stone Mining
34:07 Ring Archer Armor
33:58 Chain Barding Armor
34:42 Two-Man Saw
33:47 Town Patrol
35:33 Grand Trunk Road
39:54 Fortified Wall
40:05 Bloodlines
39:55 Husbandry
40:33 Plate Barding Armor
40:09 Forging
39:49 Fletching
40:34 Light Cavalry
Connection lost

Rejoining the realm…

Still unreachable

The connection could not be restored.

Session expired

The server has moved on; the page needs a fresh start.